 Dungeon Crawl Stone Soup version 0.27.1 (webtiles) character file.

Game seed: 15983513538437695417

49 Atelerd the Digger (level 3, -8/21 HPs)
             Began as an Octopode Earth Elementalist on Sept 2, 2021.
             Splashed by Ijyb's acid (11 damage)
             ... on level 3 of the Dungeon.
             The game lasted 00:02:07 (2195 turns).

Atelerd the Digger (Octopode Earth Elementalist)    Turns: 2195, Time: 00:02:09

Health: -8/21      AC: -3    Str:  7    XL:     3   Next: 75%
Magic:  2/6        EV: 13    Int: 18    God:
Gold:   91         SH:  0    Dex: 12    Spells: 6/7 levels left

rFire    . . .     SeeInvis .   a - +0 dagger
rCold    . . .     Faith    .   (no shield)
rNeg     . . .     Spirit   .   (helmet restricted)
rPois    +         Reflect  .   (no amulet)
rElec    .         Harm     .   l - ring of poison resistance
rCorr    .         Rampage  .   (no ring)
Will     .....                  (no ring)
Stlth    +++.......             (no ring)
HPRegen  0.07/turn              (no ring)
MPRegen  0.10/turn              (no ring)
                                (no ring)
                                (no ring)

@: corroded
A: almost no armour, amphibious, 8 rings, camouflage 1, gelatinous body 1,
(nimble swimmer 1), tentacles
a: no special abilities


You were on level 3 of the Dungeon.
You visited 1 branch of the dungeon, and saw 3 of its levels.

You collected 91 gold pieces.

Inventory:

Hand Weapons
 a - a +0 dagger (weapon)
Missiles
 b - 118 stones
Jewellery
 l - a ring of poison resistance (left tentacle)
Scrolls
 e - a scroll of silence {unknown}
 g - a scroll of fog {unknown}
 i - 5 scrolls of identify {unknown}
 k - a scroll of teleportation {unknown}
Potions
 c - 2 potions of brilliance {unknown}
 d - 4 potions of curing {unknown}
 f - a potion of resistance {unknown}
 h - 2 potions of magic {unknown}
 j - a potion of might {unknown}


   Skills:
 - Level 2.0 Dodging
 - Level 2.6 Stealth
 + Level 2.6 Spellcasting
 + Level 2.1 Transmutations
 + Level 3.6 Earth Magic


You had 6 spell levels left.
You knew the following spells:

 Your Spells              Type           Power      Damage    Failure   Level
a - Sandblast             Erth           30%        2d9       3%          1

Your spell library contained the following spells:

 Spells                   Type           Power      Damage    Failure   Level
 Passwall                 Tmut/Erth      10%        N/A       8%          2
 Stone Arrow              Conj/Erth      16%        3d8       24%         3
 Petrify                  Tmut/Erth      12%        N/A       45%         4


Dungeon Overview and Level Annotations

Branches:
Dungeon (3/15)

Altars:

Annotations:
D:2 exclusion: downstairs
D:3 Ijyb


Innate Abilities, Weirdness & Mutations

You cannot wear most types of armour.
You are amphibious.
You can wear up to eight rings at the same time.
Your skin changes colour to match your surroundings (Stealth+).
Your rubbery body absorbs attacks. (AC +1, EV +1)
((You are camouflaged near water. (Stealth+)))
You have tentacles for arms and can constrict up to eight enemies at once.


Message History

Magic restored.
There is a stone staircase leading down here.
You climb downwards.
There is a stone staircase leading up here.
A goblin comes into view. It is wielding a +0 club.
A goblin is nearby!
A goblin is nearby!
A goblin is nearby!
Found a fizzy white potion.
The helpless goblin fails to defend itself.
You puncture the goblin!
You kill the goblin!
You can't see any susceptible monsters within range! (Use Z to cast anyway.) No target in view!
You can't see any susceptible monsters within range! (Use Z to cast anyway.) No target in view!
No target in view!
Items here: ( )) †.
d - 4 fizzy white potions (gained 1)
Found a stone staircase leading down.
No target in view!
There is a stone staircase leading down here.
A kobold and Ijyb come into view.
Ijyb is wielding a +3 dagger of venom and carrying a wand of acid (13).
Found a smoky purple potion.
There are monsters nearby!
There are monsters nearby!
There are monsters nearby!
The blast of sand hits Ijyb but does no damage.
The blast of sand hits Ijyb but does no damage.
The blast of sand hits Ijyb but does no damage.
Ijyb hits you with a +3 dagger of venom.
The blast of sand hits Ijyb.
Ijyb is lightly wounded.
Ijyb zaps a wand.
The bolt of acid hits you!
Ouch! That really hurt!
* * * LOW HITPOINT WARNING * * *
The acid corrodes you!
You are splashed with acid!
Ouch! That really hurt!
You die...

######^..#.##.......
#<.....###.##....... ..
######.# #..........
....######.#######......
..................>###.#
....###.##########.###.#
# #.# #.....# #.#
####### #@#
..K.....g..!...
......................
......................
......................
......................
......................
......................
...............


You could see Ijyb and a kobold (asleep).

Vanquished Creatures
  2 worms (D:2)
  2 endoplasms
  5 goblins
  5 hobgoblins
  4 jackals
  2 kobolds (D:2)
  3 quokkas
  6 ball pythons
  3 bats
  2 frilled lizards
  5 rats
39 creatures vanquished.

Notes
Turn   | Place    | Note
-------+----------+-------------------------------------------
     0 | D:1      | Atelerd the Octopode Earth Elementalist began the quest for
                  | the Orb.
     0 | D:1      | Reached XP level 1. HP: 11/11 MP: 3/3
    52 | D:1      | Noticed a floating eye
    67 | D:1      | Found a faded altar of an unknown god.
    70 | D:1      | Noticed a shining eye
   120 | D:1      | Reached XP level 2. HP: 10/17 MP: 0/5
   488 | D:1      | Noticed an eye of devastation
   496 | D:1      | Noticed a great orb of eyes
  1072 | D:2      | Reached XP level 3. HP: 13/21 MP: 3/6
  2191 | D:3      | Noticed Ijyb
  2195 | D:3      | Splashed by Ijyb's acid

Illustrated notes

Levels and vault maps discovered:
D:1:      dpeg_arrival_lava_temple_mockup, layout_basic,
          hellmonk_ecumenical_altar_watching_god
D:2:      layout_basic, chequers_mini_garden
D:3:      layout_basic, mainiacjoe_overflow_boulevard, uniq_sigmund, uniq_ijyb,
          uniq_robin

Skill      XL: |  1  2  3 |
---------------+----------+-----
Transmutations | 2 |  2.1
Dodging        | |  2.0
Stealth        | |  2.6
Spellcasting   | |  2.6
Earth Magic    | |  3.6

Action                   || total
-------------------------++-------
Melee: Unarmed           ||    19
       Constrict         ||    19
       Tentacles         ||    14
       Dagger            ||    42
 Cast: Sandblast         ||    29
 Stab: Sleeping          ||     8
Armor: Skin              ||     9
Dodge: Dodged            ||    49
